 Dungeon Crawl Stone Soup version 0.28-a0-1382-g92835e5c71 (webtiles) character file.

Game seed: 15800283241331581710

39 Deminshera the Sneak (level 3, -2/22 HPs)
             Began as a Kobold Brigand on Jan 1, 2022.
             Killed from afar by Sigmund (6 damage)
             ... with a magic dart
             ... on level 2 of the Dungeon.
             The game lasted 00:01:43 (2309 turns).

Deminshera the Sneak (Kobold Brigand)               Turns: 2309, Time: 00:01:44

Health: -2/22      AC:  5    Str: 10    XL:     3   Next: 70%
Magic:  3/3        EV: 13    Int: 12    God:
Gold:   39         SH:  0    Dex: 16    Spells: 2/2 levels left

rFire   . . .      SeeInvis .   a - +2 dagger
rCold   . . .      Faith    .   (no shield)
rNeg    . . .      Spirit   .   h - +0 leather armour
rPois   .          Reflect  .   j - +0 helmet
rElec   .          Harm     .   c - +0 cloak
rCorr   .          Rampage  .   (no gloves)
Will    .....                   (no boots)
Stlth   ++++......              (no amulet)
HPRegen 0.07/turn               (no ring)
MPRegen 0.08/turn               (no ring)

@: no status effects
A: small, no large weapons, nightstalker 3
a: no special abilities


You were on level 2 of the Dungeon.
You visited 1 branch of the dungeon, and saw 2 of its levels.

You collected 39 gold pieces.

Inventory:

Hand Weapons
 a - a +2 dagger (weapon)
Missiles
 d - 3 poisoned darts (quivered)
Armour
 c - a +0 cloak (worn)
 h - a +0 leather armour (worn)
 j - a +0 helmet (worn)
Scrolls
 f - 2 scrolls of identify {unknown}
 g - a scroll of amnesia {unknown}
 i - a scroll of teleportation {unknown}
Potions
 b - a potion of haste {unknown}


   Skills:
 + Level 2.9 Fighting
 + Level 3.6 Short Blades
 - Level 2.1 Throwing
 - Level 1.2 Dodging
 + Level 6.0 Stealth


You had 2 spell levels left.
You didn't know any spells.
Your spell library contained the following spells:

 Spells                   Type           Power      Damage    Failure   Level
 Summon Small Mammal      Summ           0%         N/A       41%         1
 Call Canine Familiar     Summ           0%         N/A       80%         3
 Summon Guardian Golem    Hex/Summ       0%         N/A       80%         3


Dungeon Overview and Level Annotations

Branches:
Dungeon (2/15)

Altars:

Annotations:
D:2 Sigmund


Innate Abilities, Weirdness & Mutations

You are small and have problems with some larger weapons.
You are completely attuned to the shadows.


Message History

Sigmund is nearby!
Sigmund hits you but does no damage.
Throw: 2 darts (curare)
Press: ? - help, Q - select action, (/) - cycle Shift-Dir - straight line, f - Sigmund
Aim: Sigmund, wielding a +0 scythe and wearing a +0 robe (58% to hit)
You throw a curare-tipped dart.
The curare-tipped dart closely misses Sigmund.
Unknown command.
Throw: dart (curare)
Press: ? - help, Q - select action, (/) - cycle Shift-Dir - straight line, f/p - Sigmund
Aim: Sigmund, wielding a +0 scythe and wearing a +0 robe (58% to hit)
You throw a curare-tipped dart.
The curare-tipped dart closely misses Sigmund.
Sigmund hits you but does no damage.
Throw: 6 darts (poison)
Press: ? - help, Q - select action Shift-Dir - straight line, f/p - Sigmund
Aim: Sigmund, wielding a +0 scythe and wearing a +0 robe (58% to hit)
You throw a poisoned dart. The poisoned dart hits Sigmund!
Sigmund is poisoned.
Sigmund barely misses you.
Unknown command.
Throw: 5 darts (poison)
Press: ? - help, Q - select action Shift-Dir - straight line, f/p - Sigmund
Aim: Sigmund, wielding a +0 scythe and wearing a +0 robe (very poisoned, 58% to hit)
You throw a poisoned dart. The poisoned dart hits Sigmund.
Unknown command.
Throw: 4 darts (poison)
Press: ? - help, Q - select action Shift-Dir - straight line, f/p - Sigmund
Aim: Sigmund, wielding a +0 scythe and wearing a +0 robe (very poisoned, 58% to hit)
You throw a poisoned dart.
The poisoned dart barely misses Sigmund.
Sigmund casts a spell at you. The puff of flame hits you!
* * * LOW HITPOINT WARNING * * *
Sigmund hits you from afar with a +0 scythe.
* * * LOW HITPOINT WARNING * * *
Sigmund's eyes start glowing with a red light.
Sigmund looks more healthy.
Sigmund points at you and mumbles some strange words.
The magic dart hits you.
You die...

##.#...@.). #.##
#....#.#### #...
####.#.## ###. #........
#.
##.#.#.################.
#@#.#..........).......
#.#...###############..
#.###...... #..
#.@...@.... #..
#.###.##### ### ### ###


You could see Sigmund.

Vanquished Creatures
  A dart slug (D:1)
  3 endoplasms (D:1)
  2 giant cockroaches (D:1)
  6 goblins
  4 hobgoblins (D:1)
  3 kobolds
  4 quokkas (D:1)
  3 ball pythons (D:1)
  6 rats
32 creatures vanquished.

Notes
Turn   | Place    | Note
-------+----------+-------------------------------------------
     0 | D:1      | Deminshera the Kobold Brigand began the quest for the Orb.
     0 | D:1      | Reached XP level 1. HP: 12/12 MP: 1/1
   312 | D:1      | Reached XP level 2. HP: 18/18 MP: 2/2
  1000 | D:1      | Reached XP level 3. HP: 22/22 MP: 3/3
  1686 | D:1      | Found a faded altar of an unknown god.
  2015 | D:2      | Reached skill level 6 in Stealth
  2289 | D:2      | Noticed Sigmund
  2309 | D:2      | Killed from afar by Sigmund

Illustrated notes

Levels and vault maps discovered:
D:1:      minmay_arrival_doors, layout_basic,
          hellmonk_ecumenical_altar_prayer_group, hangedman_feature_mirror,
          bh_walls_and_bars
D:2:      layout_basic, minmay_pentomino_o4, uniq_sigmund

Skill      XL: |  1  2  3 |
---------------+----------+-----
Short Blades   | 3 |  3.6
Stealth        | 6 |  6.0
Fighting       | |  2.9
Throwing       | |  2.1
Dodging        | |  1.2

Action                   || total
-------------------------++-------
Melee: Dagger            ||    68
Throw: Dart              ||    20
 Stab: Sleeping          ||    16
Armor: Robe              ||     4
       Leather armour    ||     2
Dodge: Dodged            ||    51

Table legend: (Time is in decaauts)
 A = Elapsed time spent in this place.
 B = Non-inter-level travel time spent in this place.
 C = Inter-level travel time spent in this place.
 D = Time resting spent in this place.
 E = Time spent auto-exploring this place.
 F = Levels seen in this place.
 G = Mean time per level.
                   A        B        C        D        E       F      G
               +--------+--------+--------+--------+--------+-----+--------+
         Total |   2295 |   2208 |     87 |    878 |   1042 |   2 | 1147.5 |
       Dungeon |   2295 |   2208 |     87 |    878 |   1042 |   2 | 1147.5 |
               +--------+--------+--------+--------+--------+-----+--------+

Top non-repeatable levels by time:
     D:1: 1929 daAuts
     D:2: 366 daAuts
